 Dungeon Crawl Stone Soup version 0.29-a0-284-gf9362112df (webtiles) character file.

Game seed: 12294913509766445169

357 sammy202020 the Skirmisher (level 6, -3/60 HPs)
             Began as a Gargoyle Berserker on Mar 20, 2022.
             Was a Believer of Trog.
             Slain by a hobgoblin (4 damage)
             ... led by Robin
             ... on level 4 of the Dungeon.
             The game lasted 00:05:10 (4305 turns).

sammy202020 the Skirmisher (Gargoyle Berserker)     Turns: 4305, Time: 00:05:11

Health: -3/60      AC: 18    Str: 20    XL:     6   Next: 64%
Magic:  6/6        EV:  8    Int: 10    God:    Trog [**....]
Gold:   163        SH:  0    Dex:  9    Spells: 5/5 levels left

rFire   . . .      SeeInvis .   m - +0 flail
rCold   . . .      Faith    .   (no shield)
rNeg    + . .      Spirit   .   r - +1 chain mail
rPois   ∞          Reflect  .   (no helmet)
rElec   +          Harm     .   (no cloak)
rCorr   .          Rampage  .   l - +2 pair of gloves
Will    ++...                   (no boots)
Stlth   ..........              (no amulet)
HPRegen 1.20/turn               (no ring)
MPRegen 0.10/turn               (no ring)

@: berserking, strong-willed, regenerating, very quick
A: sickness immunity, AC +4, negative energy resistance 1, electricity
resistance, torment resistance 1, petrification resistance, hooves 1
a: Renounce Religion, Berserk, Trog's Hand


You were on level 4 of the Dungeon.
You worshipped Trog.
Trog was pleased with you.
You visited 1 branch of the dungeon, and saw 4 of its levels.

You collected 163 gold pieces.

Inventory:

Hand Weapons
 a - a +0 mace
 i - a +0 trident
 m - a +0 flail (weapon)
Missiles
 f - 8 poisoned darts (quivered)
Armour
 b - a +0 chain mail
 l - a +2 pair of gloves (worn)
 r - a +1 chain mail (worn)
Wands
 q - a wand of flame (5)
Scrolls
 e - a scroll of fear
 j - a scroll of blinking {unknown}
 o - 2 scrolls of identify
Potions
 c - a potion of invisibility {unknown}
 d - a potion of heal wounds {unknown}
 g - a potion of mutation
 h - 2 potions of lignification {unknown}
 n - a potion of ambrosia {unknown}
 s - a potion of attraction {unknown}


   Skills:
 * Level 5.0 Fighting
 * Level 4.5 Maces & Flails
 * Level 4.2 Armour
 + Level 2.6 Dodging


You had 5 spell levels left.
You didn't know any spells.
Your spell library was empty.

Dungeon Overview and Level Annotations

Branches:
Dungeon (4/15)             Temple (0/1) D:4

Altars:
Elyvilon
Gozag
Sif Muna
Wu Jian

Annotations:
D:4 Robin


Innate Abilities, Weirdness & Mutations

You are immune to sickness and miasma.
Your stone body is resilient. (AC +4)
You are immune to poison.
You resist negative energy. (rN+)
You are resistant to electric shocks. (rElec)
You are resistant to unholy torment.
You are immune to petrification.
You have large cloven feet.


Message History

You closely miss the orc warrior. You kick the orc warrior.
The orc warrior is moderately wounded.
The orc warrior hits you with a +0 hand axe.
The hobgoblin completely misses you. The orc barely misses you.
The goblin unwields a +0 hunting sling.
The goblin wields a +0 club.
The goblin closely misses you. The orc hits you but does no damage.
The goblin unwields a +0 hunting sling.
The goblin wields a +0 club.
The goblin hits you but does no damage. The orc hits you with a +0 club.
You are too injured to fight recklessly!
You are too injured to fight recklessly!
You are too injured to fight recklessly!
Your skin crawls.
You feel strong-willed.
The orc warrior hits you but does no damage.
The hobgoblin hits you. The orc barely misses you.
The orc hits you but does no damage. The orc hits you with a +0 club.
The goblin hits you but does no damage. x2
A red film seems to cover your vision as you go berserk!
You feel yourself moving faster!
You feel mighty!
The orc warrior hits you with a +0 hand axe!
* * * LOW HITPOINT WARNING * * *
The orc misses you. The hobgoblin closely misses you.
The orc hits you but does no damage.
The orc splashes around in the water.
The goblin hits you but does no damage. x2
You barely miss the orc warrior.
The orc warrior is moderately wounded.
The orc warrior hits you with a +0 hand axe!
* * * LOW HITPOINT WARNING * * *
The orc barely misses you.
Robin of the Strong Arm comes into view.
They are wielding a +0 short sword.
The hobgoblin barely misses you. The orc hits you but does no damage. x2
Robin shouts!
You sock the orc warrior!
The orc warrior is almost dead.
You hear a shout! x2
The goblin barely misses you. The goblin hits you but does no damage.
The orc warrior completely misses you. The orc hits you with a +0 hand axe.
* * * LOW HITPOINT WARNING * * *
The hobgoblin hits you.
You die...

#####♣♣ ♣♣♣.♣♣♣ ♣
##.....♣♣ ♣♣.....♣♣ ♣♣
##...$...♣♣♣.......♣♣♣.
##...≈≈≈...♣...≈≈≈...♣..
....≈≈≈≈≈.....≈≈≈≈≈.....
....≈≈♣≈≈.....≈≈_≈≈.....
....≈≈≈≈≈.)...≈≈≈≈≈.....
.....≈o≈o..♣...≈≈≈...♣).
......o@g.♣♣♣.......♣♣♣.
.....ggog♣♣ ♣♣.....♣♣ ♣♣
....#..g♣♣ ♣♣♣.♣♣♣ ♣ ...
#...# ♣♣♣ .. #..g# #
+.... #### #.... .....
#.... ..... ......


You could see an orc warrior, Robin, 3 orcs, a hobgoblin and 4 goblins.

Vanquished Creatures
  A howler monkey (D:4)
  A hound (D:4)
  Ijyb (D:3)
  Jessica (D:3)
  Natasha (twice) (D:3)
  An orc wizard (D:2)
  7 gnolls
  2 adders
  A worm (D:2)
  2 dart slugs
  7 orcs
  5 endoplasms
  2 giant cockroaches
  4 goblins
  7 hobgoblins
  11 kobolds
  6 ball pythons
  3 bats
  2 frilled lizards
  7 rats
73 creatures vanquished.

Notes
Turn   | Place    | Note
-------+----------+-------------------------------------------
     0 | D:1      | sammy202020 the Gargoyle Berserker began the quest for the
                  | Orb.
     0 | D:1      | Reached XP level 1. HP: 14/14 MP: 1/1
   689 | D:1      | Reached XP level 2. HP: 19/19 MP: 2/2
  1299 | D:1      | Reached XP level 3. HP: 23/23 MP: 3/3
  1432 | D:2      | Reached ** piety under Trog
  1556 | D:2      | Reached XP level 4. HP: 13/29 MP: 4/4
  1559 | D:2      | Reached skill level 4 in Fighting
  1931 | D:2      | Found a faded altar of an unknown god.
  2898 | D:3      | Noticed Natasha
  2907 | D:3      | Killed Natasha
  2908 | D:3      | Reached XP level 5. HP: 23/34 MP: 5/5
  3023 | D:3      | Found an opulent altar of Gozag.
  3312 | D:3      | Noticed Ijyb
  3342 | D:3      | Killed Ijyb
  3605 | D:3      | Found an ornate altar of the Wu Jian Council.
  3756 | D:3      | Noticed Natasha
  3762 | D:3      | Killed Natasha
  3763 | D:3      | Reached XP level 6. HP: 34/39 MP: 6/6
  3872 | D:3      | Found a shimmering blue altar of Sif Muna.
  3938 | D:3      | Noticed Jessica
  3945 | D:3      | Killed Jessica
  4053 | D:3      | Gained mutation: You have large cloven feet. [potion of
                  | mutation]
  4146 | D:4      | Reached skill level 5 in Fighting
  4213 | D:4      | Found a staircase to the Ecumenical Temple.
  4277 | D:4      | Found a white marble altar of Elyvilon.
  4292 | D:4      | Noticed an orc warrior
  4304 | D:4      | Noticed Robin
  4305 | D:4      | HP: 1/60 [orc/+0 hand axe (6)]
  4305 | D:4      | Slain by a hobgoblin

Illustrated notes

Levels and vault maps discovered:
D:1:      shiori_arrival_whats_in_store_for_you, layout_basic,
          grunt_decor_mini_mirrors
D:2:      layout_basic, ebering_ecumenical_altar_hall
D:3:      layout_loops_ring, nicolae_sif_muna_little_library,
          nicolae_wu_jian_wuxing_cycle, grunt_gozag_statues, uniq_ijyb,
          uniq_jessica, uniq_natasha
D:4:      layout_basic, elyvilon_altar_3, temple_statues, portal_sewer_entry_b,
          uniq_robin

Skill      XL: |  1  2  3  4  5  6 |
---------------+-------------------+-----
Armour         | 3 4 |  4.2
Dodging        | 2 |  2.6
Fighting       | 4 5 |  5.0
Maces & Flails | 4 |  4.5

Action                   |  1- 3 |  4- 6 || total
-------------------------+-------+-------++-------
Melee: Mace              |    89 |    46 ||   135
       Punch             |     1 |     2 ||     3
       Flail             |       |   111 ||   111
       Kick              |       |     6 ||     6
Invok: Berserk           |     1 |     3 ||     4
       Trog's Hand       |     1 |     2 ||     3
  Use: Scroll            |       |     6 ||     6
       Potion            |       |     1 ||     1
Armor: Animal skin       |    18 |       ||    18
       Ring mail         |    20 |    41 ||    61
       Chain mail        |       |    63 ||    63
Dodge: Dodged            |    71 |    68 ||   139

Table legend: (Time is in decaauts)
 A = Elapsed time spent in this place.
 B = Non-inter-level travel time spent in this place.
 C = Inter-level travel time spent in this place.
 D = Time resting spent in this place.
 E = Time spent auto-exploring this place.
 F = Levels seen in this place.
 G = Mean time per level.
                   A        B        C        D        E       F      G
               +--------+--------+--------+--------+--------+-----+--------+
         Total |   4381 |   4381 |      0 |      0 |   3595 |   4 | 1095.2 |
       Dungeon |   4381 |   4381 |      0 |      0 |   3595 |   4 | 1095.2 |
               +--------+--------+--------+--------+--------+-----+--------+

Top non-repeatable levels by time:
     D:2: 1531 daAuts
     D:1: 1405 daAuts
     D:3: 1193 daAuts
     D:4: 251 daAuts
